Map: Ever Dream LE

Players

Syndrome

  • Race: Protoss Protoss
  • League: Grandmaster
  • Spawn Location: 1:00

A.I. 1 (Very Easy) - Winner!

  • Race: Terran Terran
  • Spawn Location: 7:00

VOD

Have the link to the VOD?

Description

Time

  • Played on: Aug. 26, 2020, 4:30 p.m.
  • Length: 5:04
Show
View Real Time Build Order
Export as new Build Order

Syndrome Protoss 

Build Orders: 1 Gate Expand, Dark Templar Rush 

Get SALT Encoding   

  12  0:00  Probe  
  13  0:12  Probe  
  14  0:17  Pylon  
  14  0:24  Probe (Chrono Boost)  
  15  0:36  Probe (Chrono Boost)  
  15  0:37  Gateway  
  16  0:45  Probe (Chrono Boost)  
  16  0:46  Assimilator  
  17  0:50  Probe  
  18  1:03  Probe  
  19  1:15  Probe  
  20  1:23  Nexus  
  20  1:32  Cybernetics Core  
  20  1:35  Probe  
  21  1:40  Assimilator  
  21  1:47  Probe  
  21  1:49  Pylon  
  22  1:59  Probe  
  23  2:05  Stalker (Chrono Boost)  
  23  2:08  Warp Gate  
  23  2:12  Probe (Chrono Boost)  
  26  2:22  Probe (Chrono Boost)  
  27  2:23  Robotics Facility  
  27  2:27  Probe (Chrono Boost)  
  28  2:36  Probe  
  29  2:38  Probe  
  29  2:42  Twilight Council  
  30  2:48  Probe  
  30  2:49  Stalker (Chrono Boost)  
  30  2:50  Probe  
  34  3:00  Probe  
  34  3:02  Probe  
  36  3:09  Warp Prism (Chrono Boost)  
  36  3:12  Probe  
  37  3:14  Probe  
  37  3:19  Dark Shrine  
  40  3:24  Probe  
  40  3:26  Probe  
  42  3:36  Gateway  
  42  3:38  Gateway, Probe x2  
  44  3:47  Pylon  
  44  3:50  Probe, Assimilator  
  44  3:52  Probe, Assimilator  
  44  3:55  Pylon  
  46  4:06  Probe x2  
  48  4:15  Shield Battery  
  48  4:17  Shield Battery  
  48  4:18  Probe x2  
  50  4:30  Probe  
  51  4:32  Dark Templar x3  
  58  4:41  Pylon  
  57  4:46  Nexus  
  57  4:49  Probe (Chrono Boost)  
  57  4:51  Probe (Chrono Boost)  
Show
View Real Time Build Order
Export as new Build Order

A.I. 1 (Very Easy) Terran - Winner!

Build Orders: Reaper Expand 

Get SALT Encoding   

  12  0:00  SCV  
  13  0:13  SCV  
  14  0:18  Supply Depot  
  14  0:43  Barracks  
  14  1:02  Command Center  
  14  1:30  Supply Depot, Orbital Command  
  14  1:32  Marine  
  15  1:36  Refinery  
  15  1:48  Refinery  
  15  1:56  SCV  
  16  2:08  SCV  
  17  2:15  SCV  
  18  2:17  Reaper  
  18  2:22  SCV  
  20  2:29  SCV  
  21  2:36  SCV  
  22  2:43  SCV  
  23  2:51  SCV  
  24  2:54  Refinery  
  24  2:58  SCV  
  25  3:00  Marine  
  25  3:05  SCV  
  27  3:12  SCV, Factory  
  28  3:37  SCV, Refinery  
  29  3:44  SCV, Marine  
  31  3:51  SCV  
  32  3:55  Supply Depot  
  32  3:58  SCV, Starport  
  33  4:06  SCV  
  34  4:13  SCV  
  35  4:20  SCV  
  36  4:27  SCV  
  36  4:28  Reaper  
  38  4:34  SCV  
  38  4:35  Starport Tech Lab  
  38  4:36  Supply Depot  
  39  4:42  SCV  
  36  4:49  SCV  
Tags
 
Add a new tag
Caveats
  • Supply blocks, unpowered buildings, or Contaminate may cause inaccurate times.
  • Supply counts are checked every 10 seconds.